Workbook
Name COMUNIDAD_INDIGENA: #REF!
Name COMUNIDADES: #REF!
Name DEPARTAMENTOS: #REF!
Name DESCRIPCION: #REF!
Name DESCRIPCION_1: #REF!
Name DESCRIPCION_2: #REF!
Name DIRECCIONES_TERRITORIALES: #REF!
Name DIRECTORIO: #REF!
Name DISCAPACIDAD: #REF!
Name Documento: #REF!
Name DOTACIONDEMOBILIARIOREGION1: #REF!
Name DOTACIONDEMOBILIARIOREGION2: #REF!
Name DOTACIONDEMOBILIARIOREGION3: #REF!
Name DOTACIONDEMOBILIARIOREGION4: #REF!
Name DOTACIONDEMOBILIARIOREGION5: #REF!
Name DOTACIONDEMOBILIARIOREGION6: #REF!
Name DOTACIONDEMOBILIARIOREGION7: #REF!
Name DOTACIONDEMOBILIARIOREGION8: #REF!
Name DPTO: #REF!
Name DT: #REF!
Name ETAPA: #REF!
Name ETAPA_EN_LA_QUE_SE_ATIENDE: #REF!
Name ETNIA: #REF!
Name GENERO: #REF!
Name HECHOS_VICTIMIZANTES: #REF!
Name INFRAESTRUCTURASOCIALYCOMUNITARIA: #REF!
Name INSUMOSAGROPECUARIOS: #REF!
Name Linea: #REF!
Name Lineas: #REF!
Name Misionales: #REF!
Name NA: #REF!
Name NOMBRE_FUNCIONARIO: #REF!
Name PROYECTOSAGROPECUARIOS: #REF!
Name Responsable: #REF!
Name Secretarias: #REF!
Name SEXO: #REF!
Name SI_O_NO: #REF!
Name VINCULO_CON_EL_JEFE_DE_HOGAR: #REF!

Sheet PRESUPUESTO 
A1: PRESUPUESTO OSARIO COLECTIVO CEMENTERIO CENTRAL 2026
A3: ITEM | B3: DESCRIPCION | C3: UNIDAD | D3: CANTIDAD | E3: V. UNITARIO | F3: V. TOTAL
A4: 1 | B4: MOVIMIENTO DE TIERRA | F4: =SUM(F5:F9) -> 13991805 | G4: =F4*1.3 -> 18189346
A5: 1.1 | B5: CERRAMIENTO PREVENTIVO EN TELA VERDE | C5: ML | D5: 15 | E5: =APU!M40 -> 21592 | F5: =D5*E5 -> 323880
A6: 1.2 | B6: DEMOLICION MANUAL DE PISOS EN BALDOSIN | C6: M2 | D6: 200 | E6: =APU!M78 -> 40490 | F6: =D6*E6 -> 8098000
A7: 1.3 | B7: DEMOLICION MANUAL DE CONCRETO | C7: M3 | D7: 15 | E7: =APU!M116 -> 54735 | F7: =D7*E7 -> 821025
A8: 1.4 | B8: EXCAVACION MANUAL EN CONGLOMERADO | C8: M3 | D8: 10 | E8: =APU!M154 -> 85470 | F8: =D8*E8 -> 854700
A9: 1.5 | B9: RETIRO DE ESCOMBROS | C9: M3 | D9: 50 | E9: =APU!M195 -> 77884 | F9: =D9*E9 -> 3894200
A10: 2 | B10: CIMENTACION | F10: =SUM(F11:F13) -> 17147533 | G10: =F10*1.3 -> 22291793
A11: 2.1 | B11: ZAPATA CONCENTRICA EN CONCRETO REFORZADO < 2M2 | C11: M3 | D11: 3 | E11: =APU!M242 -> 1327637 | F11: =D11*E11 -> 3982911
A12: 2.2 | B12: PEDESTALES EN CONCRETO DE 21MPA | C12: M3 | D12: 6 | E12: =APU!M282 -> 1570147 | F12: =D12*E12 -> 9420882
A13: 2.3 | B13: VIGA SOBRECIMIENTO 0.20X0.20 (21MPA-CON REFUERZO) | C13: ML | D13: 20 | E13: =APU!M321 -> 187187 | F13: =D13*E13 -> 3743740
A14: 3 | B14: ESTRUCTURAS | F14: =SUM(F15:F21) -> 43715464 | G14: =F14*1.3 -> 56830103
A15: 3.1 | B15: MALLA ELECTROSOLDADA DIAMETRO=0,06M 0,15M X 0,15M | C15: M2 | D15: 200 | E15: =APU!M358 -> 42711 | F15: =D15*E15 -> 8542200
A16: 3.2 | B16: COLUMNAS EN TUBERIA 100X100X3mm | C16: ML | D16: 36 | E16: =APU!M396 -> 278522 | F16: =D16*E16 -> 10026792
A17: 3.3 | B17: VIGUETAS EN TUBERIA 80X40X2.5mm | C17: ML | D17: 45 | E17: =APU!M436 -> 131315 | F17: =D17*E17 -> 5909175
A18: 3.4 | B18: PLACA METALDECK 2" CALIBRE 16 E=0,10M | C18: M2 | D18: 24 | E18: =APU!M477 -> 347036 | F18: =D18*E18 -> 8328864
A19: 3.5 | B19: ESCALERA METALICA 15 HUELLAS EN ANGULOS DE 1X1/8 | C19: UND | D19: 1 | E19: =APU!M519 -> 3496442 | F19: =D19*E19 -> 3496442
A20: 3.6 | B20: PUERTA METALICA EN TUBERIA DE 1,0X1,0 CAL 20 Y LAMINA DE HIERRO DE 1X2 CAL 20 | C20: M2 | D20: 7.2 | E20: =APU!M560 -> 378696 | F20: =D20*E20 -> 2726611.2
A21: 3.7 | B21: ESTRUCTURA DE CUBIERTA EN TUBERIA DE 4X11/2 CALIBRE 16 | C21: M2 | D21: 28 | E21: =APU!M598 -> 167335 | F21: =D21*E21 -> 4685380
A22: 4 | B22: MAMPOSTERIA | F22: =SUM(F23:F24) -> 31902010 | G22: =F22*1.3 -> 41472613
A23: 4.1 | B23: MURO EN LADRILLO DE OBRA E=0,12M | C23: M2 | D23: 190 | E23: =APU!M638 -> 106043 | F23: =D23*E23 -> 20148170
A24: 4.2 | B24: PAÑETE LISO MURO | C24: M2 | D24: 280 | E24: =APU!M673 -> 41978 | F24: =D24*E24 -> 11753840
A25: 5 | B25: PISOS Y ENCHAPES | F25: =SUM(F26:F27) -> 81151840 | G25: =F25*1.3 -> 105497392
A26: 5.1 | B26: MORTERO DE NIVELACION E=0,07 | C26: M2 | D26: 440 | E26: =APU!M710 -> 69328 | F26: =D26*E26 -> 30504320
A27: 5.2 | B27: PISO EN GRES | C27: M2 | D27: 440 | E27: =APU!M751 -> 115108 | F27: =D27*E27 -> 50647520
A28: 6 | B28: ACABADOS | F28: =SUM(F29:F29) -> 4399040 | G28: =F28*1.3 -> 5718752
A29: 6.1 | B29: PINTURA VINILO TIPO I PARA EXTERIORES | C29: M2 | D29: 160 | E29: =APU!M788 -> 27494 | F29: =D29*E29 -> 4399040
D30: COSTO DIRECTO | F30: =ROUND(F4+F10+F14+F22+F25+F28,0) -> 192307692 | G30: =ROUND(G4+G10+G14+G22+G25+G28,0) -> 250000000
D31: ADMINISTRACION 20% | F31: =ROUND(F30*20%,0) -> 38461538
D32: IMPREVISTOS 5% | F32: =ROUND(F30*5%,0) -> 9615385
D33: UTILIDAD 5% | F33: =ROUND(F30*5%,0) -> 9615385
D34: TOTAL | F34: =SUM(F30:F33) -> 250000000

Sheet APU
C2: ANALISIS DE PRECIOS UNITARIOS | J2: FECHA | K2: DD | L2: MM | M2: AA
K3: 12 | L3: OCTUBRE | M3: 2026
F5: DATOS ESPECIFICOS
C6: ITEM | D6: DESCRIPCION | L6: UNIDAD | M6: CANTIDAD
C7: ='PRESUPUESTO '!A5 -> 1.1 | D7: ='PRESUPUESTO '!B5 -> CERRAMIENTO PREVENTIVO EN TELA VERDE | L7: ='PRESUPUESTO '!C5 -> ML | M7: ='PRESUPUESTO '!D5 -> 15
C8: I-EQUIPO
C9: COD. | D9: DESCRIPCION | G9: marca | H9: tipo | I9: tarifa | J9: rendimiento | L9: vr.unit
D10: HERRAMIENTA MENOR | I10: =0.1*M38 -> 536.5 | J10: 1 | L10: =I10/J10 -> 536.5
L15: SUB-TOTAL | M15: =SUM(L10:L14) -> 536.5
C16: II-MATERIALES
C17: COD. | D17: DESCRIPCION | H17: unidad | I17: precio-unit | J17: cantidad | L17: vr.unit
D18: Tela plástica para cerramiento (polisombra) altura 2,10 m cualquier color (Metro Lineal) | H18: =+'[1]LISTADO MATERIALES'!C109 -> M | I18: 9661.18 | J18: 1 | L18: =+I18*J18 -> 9661.18
D19: Cuartón en madera común de 2” x 2" (Metro Lineal) | H19: M | I19: 8505.49 | J19: 0.55 | L19: =+I19*J19 -> 4678.0195
D20: Puntilla sin cabeza de 2" caja x 500 gr | H20: UND | I20: 10635.36 | J20: 0.08 | L20: =+I20*J20 -> 850.8288
D23: DESPERDICIO | J23: 0.05
L24: SUB-TOTAL | M24: =SUM(L18:L23) -> 15190.028
C25: III-TRANSPORTES
C26: COD. | D26: MATERIAL | G26: vol-peso ó cant | H26: Distancia | I26: M3 o ton*Km | J26: tarifa | L26: vr.unit
D27: Acarreo interno de materiales | G27: 1 | J27: 500 | L27: =J27 -> 500
L31: SUB-TOTAL | M31: =SUM(L27:L30) -> 500
C32: IV-MANO DE OBRA
C33: COD. | D33: TRABAJADOR | F33: Cantidad | G33: jornal | H33: prestaciones | I33: jornal total | J33: rendimiento | L33: vr.unit
D34: =+'[1]LISTADO DE PERSONAL'!D15 -> OFICIAL | F34: 1 | G34: 90000 | H34: 1.85 | I34: =G34*H34*F34 -> 166500 | J34: 50 | K34: M/DIA | L34: =I34/J34 -> 3330
D35: =+'[1]LISTADO DE PERSONAL'!D16 -> AYUDANTE | F35: 1 | G35: 55000 | H35: 1.85 | I35: =G35*H35*F35 -> 101750 | J35: 50 | K35: =+K34 -> M/DIA | L35: =I35/J35 -> 2035
L38: SUB-TOTAL | M38: =SUM(L34:L37) -> 5365
C40: TOTAL COSTO DIRECTO | M40: =ROUND(M38+M24+M31+M15,0) -> 21592
C43: ANALISIS DE PRECIOS UNITARIOS | J43: FECHA | K43: DD | L43: MM | M43: AA
K44: 12 | L44: OCTUBRE | M44: 2026
C46: DATOS ESPECIFICOS
C47: ITEM : | D47: DESCRIPCION | L47: UNIDAD | M47: CANTIDAD
C48: ='PRESUPUESTO '!A6 -> 1.2 | D48: ='PRESUPUESTO '!B6 -> DEMOLICION MANUAL DE PISOS EN BALDOSIN | L48: ='PRESUPUESTO '!C6 -> M2 | M48: ='PRESUPUESTO '!D6 -> 200
C49: I-EQUIPO
C50: COD. | D50: DESCRIPCION | G50: marca | H50: tipo | I50: tarifa | J50: rendimiento | L50: vr.unit
D51: HERRAMIENTA MENOR | I51: =0.05*M76 -> 1356.6667 | J51: 1 | L51: =I51/J51 -> 1356.6667
L56: SUB-TOTAL | M56: =SUM(L51:L55) -> 1356.6667
C57: II-MATERIALES
C58: COD. | D58: DESCRIPCION | H58: unidad | I58: precio-unit | J58: cantidad | L58: vr.unit
L59: =I59*J59 -> 0
L60: =I60*J60 -> 0
L61: =SUM(L59:L60)*J61 -> 0
L65: SUB-TOTAL | M65: =SUM(L59:L64) -> 0
C66: III-TRANSPORTES
C67: COD. | D67: MATERIAL | G67: vol-peso ó cant | H67: Distancia | I67: M3 o ton*Km | J67: tarifa | L67: vr.unit
D68: Acarreo interno de escombros | G68: 1 | H68: 0.6 | J68: 20000 | L68: =J68*H68*G68 -> 12000
L70: SUB-TOTAL | M70: =SUM(L68:L69) -> 12000
C71: IV-MANO DE OBRA
C72: COD. | D72: TRABAJADOR | F72: Cantidad | G72: jornal | H72: prestaciones | I72: jornal total | J72: rendimiento | L72: vr.unit | M72: =M67 -> 0
D73: AYUDANTE | F73: 4 | G73: 55000 | H73: 1.85 | I73: =ROUND(+F73*G73*H73,0) -> 407000 | J73: 15 | K73: M2/DÍA | L73: =I73/J73 -> 27133.333
L76: SUB-TOTAL | M76: =SUM(L73:L75) -> 27133.333
J78: TOTAL COSTO DIRECTO | M78: =ROUND((M76+M65+M70+M56),0) -> 40490
C81: ANALISIS DE PRECIOS UNITARIOS | J81: FECHA | K81: DD | L81: MM | M81: AA
K82: 12 | L82: OCTUBRE | M82: 2026
C85: ITEM : | D85: DESCRIPCION | L85: UNIDAD | M85: CANTIDAD
C86: ='PRESUPUESTO '!A7 -> 1.3 | D86: ='PRESUPUESTO '!B7 -> DEMOLICION MANUAL DE CONCRETO | L86: ='PRESUPUESTO '!C7 -> M3 | M86: ='PRESUPUESTO '!D7 -> 15
C87: I-EQUIPO
C88: COD. | D88: DESCRIPCION | G88: marca | H88: tipo | I88: tarifa | J88: rendimiento | L88: vr.unit
D89: HERRAMIENTA MENOR | I89: =0.05*M114 -> 2035 | J89: 1 | L89: =I89/J89 -> 2035
L94: SUB-TOTAL | M94: =SUM(L89:L93) -> 2035
C95: II-MATERIALES
C96: COD. | D96: DESCRIPCION | H96: unidad | I96: precio-unit | J96: cantidad | L96: vr.unit
L97: =I97*J97 -> 0
L98: =I98*J98 -> 0
L103: SUB-TOTAL | M103: =SUM(L97:L102) -> 0
C104: III-TRANSPORTES
C105: COD. | D105: MATERIAL | G105: vol-peso ó cant | H105: Distancia | I105: M3 o ton*Km | J105: tarifa | L105: vr.unit
D106: Acarreo interno de escombros | G106: 1 | H106: 0.6 | J106: 20000 | L106: =J106*H106*G106 -> 12000
L108: SUB-TOTAL | M108: =SUM(L106:L107) -> 12000
C109: IV-MANO DE OBRA
C110: COD. | D110: TRABAJADOR | F110: Cantidad | G110: jornal | H110: prestaciones | I110: jornal total | J110: rendimiento | L110: vr.unit | M110: =M105 -> 0
D111: AYUDANTE | F111: 4 | G111: 55000 | H111: 1.85 | I111: =ROUND(+F111*G111*H111,0) -> 407000 | J111: 10 | K111: M2/DÍA | L111: =I111/J111 -> 40700
L114: SUB-TOTAL | M114: =SUM(L111:L113) -> 40700
J116: TOTAL COSTO DIRECTO | M116: =ROUND(M114+M103+M108+M94,0) -> 54735
C119: ANALISIS DE PRECIOS UNITARIOS | J119: FECHA | K119: DD | L119: MM | M119: AA
K120: 12 | L120: OCTUBRE | M120: 2026
C122: DATOS ESPECIFICOS
C123: ITEM : | D123: DESCRIPCION | L123: UNIDAD | M123: CANTIDAD
C124: ='PRESUPUESTO '!A8 -> 1.4 | D124: ='PRESUPUESTO '!B8 -> EXCAVACION MANUAL EN CONGLOMERADO | L124: ='PRESUPUESTO '!C8 -> M3 | M124: ='PRESUPUESTO '!D8 -> 10
C125: I-EQUIPO
C126: COD. | D126: DESCRIPCION | G126: marca | H126: tipo | I126: tarifa | J126: rendimiento | L126: vr.unit
D127: HERRAMIENTA MENOR | I127: =0.05*M152 -> 4070 | J127: 1 | L127: =I127/J127 -> 4070
L132: SUB-TOTAL | M132: =SUM(L127:L131) -> 4070
C133: II-MATERIALES
C134: COD. | D134: DESCRIPCION | H134: unidad | I134: precio-unit | J134: cantidad | L134: vr.unit
L135: =I135*J135 -> 0
L136: =I136*J136 -> 0
L141: SUB-TOTAL | M141: =SUM(L135:L140) -> 0
C142: III-TRANSPORTES
C143: COD. | D143: MATERIAL | G143: vol-peso ó cant | H143: Distancia | I143: M3 o ton*Km | J143: tarifa | L143: vr.unit
L146: SUB-TOTAL | M146: =SUM(L144:L145) -> 0
C147: IV-MANO DE OBRA
C148: COD. | D148: TRABAJADOR | F148: Cantidad | G148: jornal | H148: prestaciones | I148: jornal total | J148: rendimiento | L148: vr.unit | M148: =M143 -> 0
D149: AYUDANTE | F149: 2 | G149: 55000 | H149: 1.85 | I149: =ROUND(+F149*G149*H149,0) -> 203500 | J149: 2.5 | K149: M3/DÍA | L149: =I149/J149 -> 81400
L152: SUB-TOTAL | M152: =SUM(L149:L151) -> 81400
J154: TOTAL COSTO DIRECTO | M154: =ROUND(M152+M141+M146+M132,0) -> 85470
D157: MUNICIPIO DE SAN JOSÉ DE CÚCUTA
D158: DEPARTAMENTO DE NORTE DE SANTANDER | J158: VERSION
J159: PAGINA | K159: 1 | L159: DE | M159: =+K159 -> 1
C161: ANALISIS DE PRECIOS UNITARIOS | J161: FECHA | K161: DD | L161: MM | M161: AA
K162: 12 | L162: OCTUBRE | M162: 2026
F164: DATOS ESPECIFICOS
...
